 Dungeon Crawl Stone Soup version 0.31.0-9-g3a7656b989 (webtiles) character file.

Game seed: 11515807974729179828

458 qw the Ducker (level 6, -11/30 HPs)
             Began as a Spriggan Hunter on Feb 2, 2024.
             Mangled by Duvessa
             ... wielding a +0 rapier
              (12 damage)
             ... on level 4 of the Dungeon.
             The game lasted 00:00:09 (2880 turns).

qw the Ducker (Spriggan Hunter)                     Turns: 2880, Time: 00:00:09

Health: -11/30     AC:  2    Str:  7    XL:     6   Next: 77%
Magic:  7/7        EV: 25    Int: 10    God:
Gold:   182        SH:  0    Dex: 27    Spells: 5/5 levels left

rFire   + . .        a - +3 shortbow
rCold   . . .        (shield currently unavailable)
rNeg    . . .        c - +0 robe
rPois   +            (helmet restricted)
rElec   .            (no cloak)
rCorr   .            (gloves unavailable)
SInv    +            (boots unavailable)
Will    +....        (no amulet)
Stlth   +++          h - ring of poison resistance
HPRegen 0.25/turn    i - +6 ring of dexterity
MPRegen 0.10/turn

%: no passive effects
@: about to teleport, very quick
A: very small, no large weapons, unfitting armour, see invisible, speed 3, fire
resistance 1
a: no special abilities


You were on level 4 of the Dungeon.
You visited 1 branch of the dungeon, and saw 4 of its levels.

You collected 229 gold pieces.
You spent 47 gold pieces at shops.


Innate Abilities, Weirdness & Mutations

You are very small and have problems with some larger weapons.
You are too small for most types of armour.
You have supernaturally acute eyesight. (SInv)
You cover ground extremely quickly. (Speed+++)
Your flesh is heat resistant. (rF+)


   Skills:
 - Level 2.0 Fighting
 + Level 5.9 Ranged Weapons
 - Level 7.5 Dodging
 - Level 1.5 Stealth


You had 5 spell levels left.
You didn't know any spells.
Your spell library was empty.

Inventory:

Hand Weapons
 a - a +3 shortbow (weapon)
Armour
 c - a +0 robe (worn)
 d - a +2 robe of cold resistance
Jewellery
 h - a ring of poison resistance (left hand)
 i - a +6 ring of dexterity (right hand)
Wands
 f - a wand of roots (7)
Scrolls
 b - a scroll of fog {unknown}
 e - 2 scrolls of identify
 j - a scroll of poison {unknown}
Potions
 g - a potion of mutation
 k - a potion of haste {unknown}
 m - a potion of curing {unknown}

Dungeon Overview and Level Annotations

Branches:
Dungeon (4/15)
 Temple: D:4-7

Altars:
Dithmenos
Elyvilon

Shops:
D:3 *

Annotations:
D:4 Duvessa


Message History

Dowan, Brother of Duvessa comes into view.
He is wielding a +0 dagger.
You shoot an arrow. The arrow hits Dowan!
Dowan shouts!
Dowan is moderately wounded.
You hear a shout!
Duvessa, Sister of Dowan comes into view.
She is wielding a +0 rapier.
Dowan says, "Magic and the sword, together, will defeat you."
You shoot an arrow. The arrow closely misses Dowan.
The arrow hits Duvessa!
Duvessa is moderately wounded.
You shoot an arrow. The arrow hits Dowan.
Dowan is heavily wounded.
Dowan casts a spell at you. The puff of flame misses you.
You shoot an arrow. The arrow hits Dowan.
Dowan is severely wounded.
You shoot an arrow. The arrow hits Dowan!
You kill Dowan!
Duvessa weeps, and shakes her weapon.
Duvessa goes berserk!
You shoot an arrow. The arrow hits Duvessa.
Duvessa is moderately wounded.
Duvessa completely misses you.
You shoot an arrow.
The arrow hits Duvessa but does no damage.
Duvessa is moderately wounded.
Duvessa barely misses you.
You shoot an arrow.
The arrow hits Duvessa but does no damage.
Duvessa is moderately wounded.
Duvessa misses you. Duvessa hits you with a +0 rapier!
You shoot an arrow. The arrow hits Duvessa!
Duvessa is heavily wounded.
Duvessa hits you with a +0 rapier!
Ouch! That really hurt!
Duvessa barely misses you.
2880 ||| READING scroll of teleportation.
As you read the scroll of teleportation, it crumbles to dust.
You feel strangely unstable. Duvessa hits you with a +0 rapier!
You die...

#######.#####.#.############
#............)...........).#
###.#####.#####.#.##########.#
#.....# #.........# #.#
#.....# #####.....# ##.###
#..#..# ##...## #####.....
#.....# ##.## #........#
#.....# #.# #.###..#.# ###.###
#@# #.# #..#.# #.# #e#
#.###.##.# ####.#### .).
#........# #.......# .....
#####..... #.##.#..# .......
##.#.####
#.##....####.........####....#
.....)...(.+.........+.>.)...#
#<##....####.........####....#
#.##.#..# ##.#.#


You could see Duvessa (berserk).

Vanquished Creatures
  Sigmund (D:4)
  Dowan (D:4)
  A jelly (D:3)
  A bombardier beetle (D:4)
  An iguana (D:4)
  Ijyb (D:4)
  5 adders
  2 dart slugs
  2 orcs (D:3)
  7 bats
  8 endoplasms
  4 giant cockroaches
  7 goblins
  7 hobgoblins
  A quokka (D:2)
  4 ball pythons
  4 frilled lizards
  7 kobolds
  5 rats
69 creatures vanquished.

Vanquished Creatures (others)
  An orc wizard (D:3)
1 creature vanquished.

Grand Total: 70 creatures vanquished

Notes
Turn   | Place    | Note
-------+----------+-------------------------------------------
     0 | D:1      | qw the Spriggan Hunter began the quest for the Orb.
     0 | D:1      | Reached XP level 1. HP: 10/10 MP: 2/2
     0 | D:1      | 0 ||| qw: Version: 0.3-a-155-g5e7d8dd
     0 | D:1      | 0 ||| qw: Game counter: 1128
     0 | D:1      | 0 ||| qw: Melee chars always use a shield: true
     0 | D:1      | 0 ||| qw: God list: Okawaru
     0 | D:1      | 0 ||| qw: Allow faded altars: false
     0 | D:1      | 0 ||| qw: Do Orc after clearing Dungeon:15 true
     0 | D:1      | 0 ||| qw: Do second Lair branch before Depths: true
     0 | D:1      | 0 ||| qw: Lair rune preference: random
     0 | D:1      | 0 ||| qw: Goals: Normal
     0 | D:1      | 0 ||| PLANNING D:1-11
    53 | D:1      | Reached skill level 3 in Dodging
   250 | D:1      | Reached XP level 2. HP: 14/14 MP: 3/3
   334 | D:1      | Reached skill level 4 in Dodging
   554 | D:1      | 554 ||| UPGRADING to ring of poison resistance.
   555 | D:1      | 555 ||| UPGRADING to +6 ring of dexterity.
   556 | D:1      | 556 ||| READING scroll labelled JETRUO KUERAO.
   556 | D:1      | 556 ||| ENCHANTING +0 shortbow.
   557 | D:1      | 557 ||| READING 2 scrolls labelled NEXAUK LOABAO.
   558 | D:1      | 558 ||| READING scroll labelled MANTOXT GAMI.
   559 | D:1      | 559 ||| DRINKING 2 fuming brown potions.
   559 | D:1      | Gained mutation: Your flesh is heat resistant. (rF+)
                  | [potion of mutation]
   560 | D:1      | 560 ||| DROPPING scroll of butterflies.
   561 | D:1      | 561 ||| DROPPING scroll of fear.
   659 | D:2      | Reached XP level 3. HP: 18/18 MP: 4/4
   691 | D:2      | Reached skill level 5 in Dodging
   846 | D:2      | 846 ||| DROPPING +1 sling of freezing.
  1050 | D:2      | 1050 ||| READING scroll of enchant weapon.
  1050 | D:2      | 1050 ||| ENCHANTING +1 shortbow.
  1160 | D:2      | 1160 ||| READING scroll labelled DAAJIECR FOSA.
  1294 | D:3      | Reached XP level 4. HP: 22/22 MP: 5/5
  1330 | D:3      | Found a faded altar of an unknown god.
  1366 | D:3      | Found Bouficex's Assorted Antiques.
  1371 | D:3      | 1371 ||| BUYING metallic black potion (22 gold).
  1371 | D:3      | Bought a metallic black potion for 22 gold pieces
  1371 | D:3      | 1371 ||| BUYING scroll labelled UMIUB VOCKA (25 gold).
  1371 | D:3      | Bought a scroll labelled UMIUB VOCKA for 25 gold pieces
  1462 | D:3      | 1462 ||| READING scroll of enchant weapon.
  1462 | D:3      | 1462 ||| ENCHANTING +2 shortbow.
  1520 | D:3      | Identified the +6 long sword of Ethereal Conscience {heavy,
                  | rF+ rC+ rN+}
  1850 | D:3      | 1850 ||| READING 2 scrolls labelled HIHAWNETRO.
  1850 | D:3      | 1850 ||| IDENTIFYING sedimented puce potion
  1851 | D:3      | 1851 ||| READING scroll of identify.
  1851 | D:3      | 1851 ||| IDENTIFYING metallic black potion
  1852 | D:3      | 1852 ||| READING scroll labelled UMIUB VOCKA.
  1953 | D:3      | 1953 ||| READING 2 scrolls labelled PAJUGG VUEFO.
  1958 | D:3      | 1958 ||| READING scroll labelled WUYTZOSM UNIL.
  1959 | D:3      | 1959 ||| DRINKING 2 clear potions.
  1960 | D:3      | 1960 ||| DROPPING potion of invisibility.
  1961 | D:3      | 1961 ||| DROPPING potion of degeneration.
  1962 | D:3      | 1962 ||| DROPPING potion of brilliance.
  2107 | D:4      | Reached XP level 5. HP: 25/25 MP: 6/6
  2185 | D:4      | Noticed Sigmund
  2189 | D:4      | Killed Sigmund
  2190 | D:4      | Reached skill level 7 in Dodging
  2190 | D:4      | Reached XP level 6. HP: 30/30 MP: 7/7
  2259 | D:4      | Noticed Ijyb
  2261 | D:4      | 2261 ||| FLEEEEING.
  2262 | D:4      | 2262 ||| FLEEEEING.
  2264 | D:4      | 2264 ||| FLEEEEING.
  2265 | D:4      | 2265 ||| FLEEEEING.
  2266 | D:4      | 2266 ||| FLEEEEING.
  2267 | D:4      | 2267 ||| FLEEEEING.
  2277 | D:4      | Killed Ijyb
  2459 | D:4      | Found a shadowy altar of Dithmenos.
  2654 | D:4      | Found a white marble altar of Elyvilon.
  2870 | D:4      | Noticed Dowan
  2871 | D:4      | Noticed Duvessa
  2875 | D:4      | Killed Dowan
  2879 | D:4      | HP: 1/30 [Duvessa/+0 rapier (17)]
  2880 | D:4      | 2880 ||| READING scroll of teleportation.
  2880 | D:4      | Mangled by Duvessa

Levels and vault maps discovered:
D:1:      dpeg_arrival_rhombi, layout_rooms
D:2:      layout_loops_ring
D:3:      layout_basic, shapermc_ecumenical_altar_acropolis, serial_curves,
          eino_curves_04, eino_curves_01, serial_shops, shop
D:4:      layout_loops_corners, kennysheep_little_box,
          grunt_dithmenos_smoke_and_mirrors, uniq_sigmund, uniq_ijyb,
          uniq_duvessa

Skill      XL: |  1  2  3  4  5  6 |
---------------+-------------------+-----
Dodging        | 3 4 5 7 |  7.5
Ranged Weapons | 5 |  5.9
Fighting       | 2 |  2.0
Stealth        | |  1.5

Action                     |  1- 3 |  4- 6 || total
---------------------------+-------+-------++-------
   Fire: Shortbow          |    94 |    73 ||   167
    Use: Scroll            |     5 |     7 ||    12
         Potion            |     1 |     1 ||     2
 Armour: Robe              |     5 |     5 ||    10
  Dodge: Dodged            |    16 |    18 ||    34

Table legend:
 A = Non-vault XP
 B = Vault XP
 C = Vault XP percentage of total XP
 D = Non-vault monster count
 E = Vault monster count
 F = Vault count percentage of total count
                 A         B        C        D         E       F
            +---------+---------+-------+---------+---------+-------
      Total |     313 |     342 |  52.2 |      67 |       3 |   4.3
            +---------+---------+-------+---------+---------+-------
        D:1 |      22 |       0 |   0.0 |      13 |       0 |   0.0
        D:2 |      60 |       0 |   0.0 |      22 |       0 |   0.0
        D:3 |      95 |       0 |   0.0 |      18 |       0 |   0.0
        D:4 |     136 |     342 |  71.5 |      14 |       3 |  17.6
            +---------+---------+-------+---------+---------+-------
